 Dungeon Crawl Stone Soup version 0.31-a0-716-gc7603755dd (webtiles) character file.

Game seed: 862880687474175535

13582 garrulousMonolith the Basher (level 12, -1/76 HPs)
             Began as a Gargoyle Fighter on Sept 10, 2023.
             Was an Elder of Okawaru.
             Incinerated by a deep elf pyromancer (2 damage)
             ... with a sticky flame
             ... on level 10 of the Dungeon.
             The game lasted 00:18:59 (12567 turns).

garrulousMonolith the Basher (Gargoyle Fighter)    Turns: 12567, Time: 00:18:59

Health: -1/76      AC: 29    Str: 24 (26) XL:     12   Next: 7%
Magic:  15/17      EV: 12    Int: 11 (12) God:    Okawaru [****..]
Gold:   651        SH:  7    Dex: 11      Spells: 11/11 levels left

rFire   . . .        a - +2 whip (elec)
rCold   . . .        c - +0 buckler
rNeg    + . .        y - +0 chain mail
rPois   ∞            (no helmet)
rElec   +            (no cloak)
rCorr   .            h - +0 pair of gloves
SInv    .            F - +0 pair of boots
Will    .....        j - amulet of the acrobat Stlth
                     B - +4 ring of protection
HPRegen 0.32/turn    u - +6 ring of strength
MPRegen 0.15/turn

%: acrobat
@: on fire, heroic, hasted, glowing, very quick
A: sickness immunity, AC +8, negative energy resistance 1, electricity
resistance, torment resistance 1, petrification resistance, inability to drink
after injury 1, MP-powered wands
a: Renounce Religion, Heroism, Finesse


You were on level 10 of the Dungeon.
You worshipped Okawaru.
Okawaru was greatly pleased with you.
You visited 2 branches of the dungeon, and saw 11 of its levels.

You collected 687 gold pieces.
You spent 36 gold pieces at shops.

Inventory:

Hand Weapons
 a - a +2 whip of electrocution (weapon)
 b - a +2 whip of venom
 L - a +0 flail
Missiles
 e - a javelin
 r - 10 boomerangs
 D - 45 poisoned darts (quivered)
 K - 3 throwing nets
 S - 2 curare-tipped darts
Armour
 c - a +0 buckler (worn)
 h - a +0 pair of gloves (worn)
 y - a +0 chain mail (worn)
 F - a +0 pair of boots (worn)
 M - +0 swamp dragon scales
 P - a +0 scale mail
Jewellery
 d - a ring of wizardry
 j - an amulet of the acrobat (around neck)
 m - a ring of willpower
 q - an amulet of faith
 t - an amulet of guardian spirit
 u - a +6 ring of strength (right hand)
 B - a +4 ring of protection (left hand)
 C - a ring of protection from fire
 Q - a ring of protection from fire
 U - a ring of ice
Wands
 s - a wand of flame (16)
 I - a wand of polymorph (9)
 R - a wand of mindburst (7)
Scrolls
 g - a scroll of immolation
 i - 2 scrolls of enchant armour {unknown}
 p - a scroll of revelation {unknown}
 v - a scroll of amnesia
 x - a scroll of enchant weapon {unknown}
 E - a scroll of acquirement {unknown}
 H - a scroll of fear {unknown}
 T - a scroll of brand weapon {unknown}
Potions
 f - a potion of attraction
 l - 3 potions of brilliance
 o - a potion of magic
 w - a potion of enlightenment {unknown}
 z - a potion of curing {unknown}
 G - 2 potions of mutation
 J - 2 potions of cancellation
 O - a potion of degeneration


   Skills:
 + Level 9.1(14.1) Fighting
 * Level 11.0(16.0) Maces & Flails
 + Level 9.1(14.1) Armour
 - Level 5.0(10.0) Dodging
 + Level 8.9(13.9) Shields
 + Level 6.9 Invocations


You had 11 spell levels left.
You didn't know any spells.
Your spell library contained the following spells:

 Spells                   Type           Power      Damage    Failure   Level
 Magic Dart               Conj           0%         1d3       80%         1
 Shock                    Conj/Air       0%         1d3       80%         1
 Blink                    Tloc           0%         N/A       91%         2
 Ensorcelled Hibernation  Hex/Ice        0%         N/A       91%         2
 Lesser Beckoning         Tloc           0%         N/A       91%         2
 Momentum Strike          Conj/Tloc      0%         3d8       91%         2
 Passwall                 Tmut/Erth      0%         N/A       91%         2
 Gell's Gravitas          Tloc           0%         N/A       99%         3
 Hailstorm                Conj/Ice       0%         3d3       99%         3
 Ignite Poison            Fire/Tmut/Pois 0%         N/A       99%         3
 Mephitic Cloud           Conj/Pois/Air  0%         N/A       99%         3
 Swiftness                Air            0%         N/A       99%         3
 Teleport Other           Tloc           0%         N/A       99%         3
 Airstrike                Air            0%         2d(0-16)  100%        4
 Freezing Cloud           Conj/Ice/Air   0%         6-21      100%        5
 Call Imp                 Summ           Unusable   N/A       N/A         2
 Cigotuvi's Dreadful Rot  Necr/Pois/Air  Unusable   N/A       N/A         2
 Summon Ice Beast         Ice/Summ       Unusable   N/A       N/A         4
 Simulacrum               Ice/Necr       Unusable   N/A       N/A         6

Dungeon Overview and Level Annotations

Branches:
Dungeon (10/15)            Temple (1/1) D:5            Lair (0/5) D:8
    Orc: D:9-12

Altars:
Ashenzari
Cheibriados
Dithmenos
Elyvilon
Fedhas
Gozag
Hepliaklqana
Kikubaaqudgha
Makhleb
Nemelex Xobeh
Okawaru
Qazlal
Ru
Sif Muna
Trog
Uskayaw
Vehumet
Wu Jian
Xom
Yredelemnul
Zin
The Shining One

Shops:
D:3 ?:   D:8 =

Annotations:
D:6 1 runed translucent door, pokeman's ghost, novice DEHW


Innate Abilities, Weirdness & Mutations

You are immune to sickness and miasma.
Your stone body is resilient. (AC +8)
You are immune to poison.
You resist negative energy. (rN+)
You are resistant to electric shocks. (rElec)
You are resistant to unholy torment.
You are immune to petrification.
You occasionally lose the ability to drink potions when taking damage.
You expend magic power (3 MP) to strengthen your wands.


Message History

Items here: ( ) [[.
Items here: ( ))).
You start resting.
A wraith is nearby!
Okay, then.
It was a potion of haste.
You feel yourself speed up. The fire elemental hits you.
The fire elemental burns you!
* * * LOW HITPOINT WARNING * * *
You barely miss the fire elemental. You hit the wraith.
The wraith is lightly damaged.
You block the fire elemental's attack.
You hit the wraith but do no damage.
The wraith is lightly damaged.
The wraith barely misses you.
You hit the wraith but do no damage.
The wraith is lightly damaged.
The fire elemental hits you. The fire elemental burns you!
* * * LOW HITPOINT WARNING * * *
You whack the wraith!
The wraith is moderately damaged.
The wraith hits you but does no damage. The fire elemental hits you.
The fire elemental burns you!
* * * LOW HITPOINT WARNING * * *
You gain the combat prowess of a mighty hero.
You closely miss the wraith.
The wraith is moderately damaged.
The fire elemental hits you. You block the wraith's attack.
The deep elf pyromancer points at you and mumbles some strange words.
The sticky flame hits you!
You are covered in liquid flames!
* * * LOW HITPOINT WARNING * * *
You hit the deep elf pyromancer.
The deep elf pyromancer is moderately wounded.
You are covered in liquid flames!
* * * LOW HITPOINT WARNING * * *
You whack the deep elf pyromancer!
The deep elf pyromancer is heavily wounded.
You are covered in liquid flames!
You die...

).)###..... .....###.....
........# #.......#
#.......#######..[⌠=..#
........#..#..#.K.....#
...###..)..#.....###.....
....#..)..###°....# ...#
.#..#..#.....Ee#..# ...
.#######.......#### .. .
#..#..###.○#@.# ..# .
#......#...EWe# ...
##..#..#..#.K###..#
........#######.......#
#.......#..#..#....W..#
#####......#.....###...
###...###.....# ..
#........#..# .
####........####


You could see a deep elf pyromancer, a fire elemental (summoned), a wraith and a
kobold brigand.

Vanquished Creatures
  Fannar (D:10)
  A boulder beetle (D:10)
  A two-headed ogre (D:10)
  A skeletal warrior (D:10)
  Pikel (D:4)
  2 manticores (D:10)
  A cyclops (D:10)
  Jeremiah (D:7)
  Maggie (D:7)
  A rime drake (D:8)
  A komodo dragon (D:10)
  A polar bear (D:8)
  A hornet (D:10)
  Grinder (D:5)
  Sigmund (D:5)
  4 shadows
  A vampire (D:10)
  9 yaks
  A wraith (D:9)
  3 wyverns
  A basilisk (D:10)
  Grum (D:8)
  A steam dragon (D:8)
  An acid dragon (D:8)
  Duvessa (D:7)
  6 ice beasts
  A sky beast (D:8)
  2 orc warriors
  6 wolves (D:8)
  An ogre (D:6)
  A centaur (D:8)
  6 kobold brigands
  4 bullfrogs
  4 gnoll sergeants
  12 wights
  Dowan (D:7)
  8 killer bees (D:10)
  2 electric eels (D:10)
  3 howler monkeys (D:7)
  5 hounds
  A gnoll bouda (D:4)
  A jelly (D:5)
  4 orc priests
  A sleepcap (D:7)
  5 iguanas
  6 orc wizards
  18 gnolls
  8 adders
  3 worms
  3 dart slugs
  27 orcs
  6 endoplasms
  9 giant cockroaches
  8 hobgoblins
  7 jackals
  3 quokkas
  5 ball pythons
  6 bats
  5 frilled lizards
  15 goblins
  31 kobolds
  6 rats
279 creatures vanquished.

Notes
Turn   | Place    | Note
-------+----------+-------------------------------------------
     0 | D:1      | garrulousMonolith the Gargoyle Fighter began the quest for
                  | the Orb.
     0 | D:1      | Reached XP level 1. HP: 14/14 MP: 1/1
   127 | D:1      | Reached XP level 2. HP: 15/19 MP: 2/2
   581 | D:1      | Reached XP level 3. HP: 19/23 MP: 3/3
  1166 | D:2      | Reached skill level 3 in Maces & Flails
  1166 | D:2      | Reached XP level 4. HP: 23/28 MP: 4/4
  1259 | D:2      | Reached skill level 1 in Dodging
  1537 | D:2      | Found a faded altar of an unknown god.
  1976 | D:3      | Reached XP level 5. HP: 31/33 MP: 5/5
  2318 | D:3      | Found Curat's Magic Scroll Shoppe.
  2324 | D:3      | Bought a scroll of teleportation for 36 gold pieces
  2353 | D:3      | Found Xeyr's Book Shop.
  2802 | D:4      | Reached XP level 6. HP: 38/38 MP: 6/6
  2810 | D:4      | Reached skill level 4 in Maces & Flails
  2902 | D:4      | Found a shadowy altar of Dithmenos.
  3274 | D:4      | Noticed Pikel
  3286 | D:4      | Killed Pikel
  3287 | D:4      | Reached skill level 5 in Fighting
  3287 | D:4      | Reached skill level 5 in Maces & Flails
  3287 | D:4      | Reached skill level 5 in Armour
  3287 | D:4      | Reached skill level 5 in Shields
  3287 | D:4      | Reached XP level 7. HP: 20/44 MP: 7/7
  3635 | D:4      | Reached XP level 8. HP: 48/49 MP: 8/8
  3811 | D:5      | Entered Level 5 of the Dungeon
  3816 | D:5      | Noticed Sigmund
  3836 | D:5      | Killed Sigmund
  3912 | D:5      | Found a staircase to the Ecumenical Temple.
  3925 | Temple   | Entered the Ecumenical Temple
  3939 | Temple   | Became a worshipper of Warmaster Okawaru
  3983 | D:5      | Noticed Grinder
  3995 | D:5      | Killed Grinder
  3996 | D:5      | Reached skill level 6 in Maces & Flails
  3996 | D:5      | Reached skill level 1 in Invocations
  4876 | D:6      | Reached * piety under Okawaru
  4937 | D:6      | Reached XP level 9. HP: 30/55 MP: 10/10
  5402 | D:6      | Reached skill level 7 in Maces & Flails
  5474 | D:6      | Found a basalt altar of Yredelemnul.
  5474 | D:6      | Found a snail-covered altar of Cheibriados.
  5474 | D:6      | Found a sacrificial altar of Ru.
  5981 | D:6      | Found a runed translucent door.
  5981 | D:6      | Noticed a troll
  5981 | D:6      | Noticed pokeman's ghost (novice DEHW)
  6572 | D:7      | Reached ** piety under Okawaru
  6573 | D:7      | Noticed Jeremiah
  6875 | D:7      | Noticed Maggie
  6897 | D:7      | Killed Maggie
  7100 | D:7      | Reached XP level 10. HP: 49/61 MP: 12/12
  7111 | D:7      | Reached skill level 8 in Maces & Flails
  7161 | D:7      | Killed Jeremiah
  7378 | D:7      | Noticed Dowan
  7379 | D:7      | Noticed Duvessa
  7400 | D:7      | Killed Duvessa
  7438 | D:7      | Killed Dowan
  7672 | D:8      | Reached *** piety under Okawaru
  7907 | D:8      | Noticed Grum
  8070 | D:8      | Killed Grum
  8388 | D:8      | Reached skill level 9 in Maces & Flails
  8439 | D:8      | Reached skill level 5 in Invocations
  8441 | D:8      | Found Macseaxt's Jewellery Shop.
  9462 | D:8      | Found a staircase to the Lair.
  9770 | D:9      | Reached skill level 5 in Dodging
  9854 | D:9      | Reached XP level 11. HP: 61/68 MP: 14/14
  9854 | D:9      | Identified the +2 leather armour of Ignis's Castigation
                  | {Will+ Int+2 Stlth-}
 10314 | D:9      | You fall into a shaft and drop 1 floor!
 10314 | D:10     | Entered Level 10 of the Dungeon
 10331 | D:10     | Noticed a manticore
 10350 | D:10     | Noticed a manticore
 10363 | D:10     | Killed a manticore
 10402 | D:10     | Received a gift from Okawaru
 10403 | D:10     | Reached skill level 10 in Maces & Flails
 10403 | D:10     | HP: 1/69 [killer bee (6)]
 11148 | D:10     | Reached **** piety under Okawaru
 11215 | D:10     | Noticed Fannar
 11386 | D:10     | Killed a manticore
 11492 | D:10     | Killed Fannar
 11598 | D:10     | Noticed a two-headed ogre
 11600 | D:10     | Noticed a cyclops
 11956 | D:10     | Noticed a boulder beetle
 11979 | D:10     | Gained mutation: You expend magic power (3 MP) to
                  | strengthen your wands. [potion of mutation]
 11979 | D:10     | Gained mutation: You occasionally lose the ability to drink
                  | potions when taking damage. [potion of mutation]
 11989 | D:10     | Killed a two-headed ogre
 12008 | D:10     | Killed a boulder beetle
 12225 | D:10     | Noticed a skeletal warrior
 12247 | D:10     | Killed a skeletal warrior
 12248 | D:10     | Reached XP level 12. HP: 17/76 MP: 10/17
 12261 | D:10     | Reached skill level 11 in Maces & Flails
 12565 | D:10     | HP: 2/76 [deep elf pyromancer/sticky flame (8)]
 12567 | D:10     | Incinerated by a deep elf pyromancer

Illustrated notes

Levels and vault maps discovered:
D:1:      lightli_arrival_maybe_door_vault, layout_basic, minivault_14,
          minmay_misc_feat_secret_circle, minmay_misc_feat_four_crosses,
          minivault_5
D:2:      layout_basic, shapermc_ecumenical_altar_mp_vishouse
D:3:      layout_basic, serial_shops, nicolae_shop_back_alley_shop,
          nicolae_shop_tiny_real_fake_doors, minmay_misc_feat_ornament,
          st_stairs_9
D:4:      kennysheep_the_goblin_king, layout_basic, grunt_dithmenos_smoke,
          uniq_pikel
D:5:      layout_rooms, temple_fountains, uniq_sigmund, uniq_grinder
D:6:      layout_loops_cross, gammafunk_temple_overflow_claw,
          ebering_ghost_inner_flame
D:7:      layout_loops_ring, uniq_maggie, uniq_jeremiah, uniq_duvessa
D:8:      layout_layer_cave, hellmonk_lair_entry_icy,
          minmay_shop_enchanted_jewellery, uniq_grum
D:9:      layout_roguey
D:10:     hangedman_cross_cluster, layout_basic, serial_rivers,
          chequers_serial_rivers_micro_a, chequers_serial_rivers_small_3,
          chequers_serial_rivers_large_a, chequers_serial_rivers_micro_e,
          chequers_serial_rivers_micro_d, uniq_fannar
Temple:   hc_temple_tempest_star

Skill      XL: |  1  2  3  4  5  6  7  8  9 10 11 12 |
---------------+-------------------------------------+-----
Maces & Flails | 3 5 6 7 9 10 11 | 11.0
Dodging        | 1 2 3 4 5 |  5.0
Armour         | 4 5 6 7 9 |  9.1
Shields        | 4 5 6 7 8 |  8.9
Fighting       | 4 5 6 7 9 |  9.1
Invocations    | 2 3 5 6 |  6.9

Action                     |  1- 3 |  4- 6 |  7- 9 | 10-12 || total
---------------------------+-------+-------+-------+-------++-------
  Melee: Flail             |   136 |   239 |   229 |       ||   604
         Whip              |       |       |   115 |   776 ||   891
  Throw: Dart              |       |       |     2 |       ||     2
 Invoke: Heroism           |       |       |     2 |    11 ||    13
         Finesse           |       |       |       |     2 ||     2
  Evoke: Wand              |       |       |       |     6 ||     6
    Use: Scroll            |       |     6 |     5 |     8 ||    19
         Potion            |       |     1 |     1 |     6 ||     8
 Armour: Scale mail        |   114 |   184 |    54 |       ||   352
         Chain mail        |       |       |   137 |   518 ||   655
         Swamp dragon scal |       |       |     1 |       ||     1
         Skin              |       |       |       |    13 ||    13
  Dodge: Dodged            |    77 |   120 |   132 |   363 ||   692
  Block: Buckler           |    30 |    46 |    59 |   182 ||   317

Table legend: (Time is in decaauts)
 A = Elapsed time spent in this place.
 B = Non-inter-level travel time spent in this place.
 C = Inter-level travel time spent in this place.
 D = Time resting spent in this place.
 E = Time spent auto-exploring this place.
 F = Levels seen in this place.
 G = Mean time per level.
                   A        B        C        D        E       F      G
               +--------+--------+--------+--------+--------+-----+--------+
         Total |  12375 |  12103 |    272 |   3835 |   5826 |  11 | 1125.0 |
       Dungeon |  12348 |  12088 |    260 |   3835 |   5826 |  10 | 1234.8 |
        Temple |     26 |     14 |     12 |      0 |      0 |   1 |   26.0 |
               +--------+--------+--------+--------+--------+-----+--------+

Top non-repeatable levels by time:
     D:8: 2073 daAuts
    D:10: 1809 daAuts
     D:6: 1691 daAuts
     D:7: 1091 daAuts
     D:4: 1063 daAuts
     D:3: 1048 daAuts
     D:2: 949 daAuts
     D:5: 943 daAuts
     D:1: 854 daAuts
     D:9: 822 daAuts
  Temple: 26 daAuts
